Crunch vs Sound Tigers
Created - Friday, January 3, 2025 at 22:03
Goals
|
Crunch |
1 |
0 |
0 |
1 |
Sound Tigers |
3 |
2 |
0 |
5 |
|
Shots
|
Crunch |
14 |
2 |
9 |
25 |
Sound Tigers |
9 |
18 |
19 |
46 |
|
1st period
1. Sound Tigers , Logan Morrison 10 (Austin Czarnik 19, Devante Stephens 6) at 4:24 (SH)
2. Crunch , Francesco Pinelli 6 (Ben Meyers 19, Cole Clayton 12) at 8:50
3. Sound Tigers , Mason Shaw 12 (Philippe Maillet 19) at 17:54 (PP)
4. Sound Tigers , Callahan Burke 13 (Tobias Bjornfot 10, Logan Morrison 21) at 19:31 (PP)
Penalties :
Dominic Franco (BRI) for Interference (Minor) at 2:47, Cole Clayton (SYR) for Tripping (Minor) at 5:37, Helge Grans (BRI) for Delaying the game (Minor) at 9:47, Tim Gettinger (BRI) for Interference (Minor) at 12:21, Nate Clurman (BRI) for High sticking (Minor) at 15:24, Cooper Marody (SYR) for Hooking (Minor) at 17:48, Keegan Kolesar (SYR) for Holding (Minor) at 18:17
2nd period
5. Sound Tigers , Timur Ibragimov 14 (Tobias Bjornfot 11) at 9:35
6. Sound Tigers , Dominic Franco 7 (Kyle Betts 6, Timur Ibragimov 13) at 11:08
Penalties :
Keegan Kolesar (SYR) for Tripping (Minor) at 2:21, Liam O'Brien (BRI) for Interference (Minor) at 4:59, Ty Glover (BRI) for Cross-checking (Minor) at 5:31, Keegan Kolesar (SYR) for Holding (Minor) at 5:43, Jimmy Schuldt (BRI) for Hooking (Minor) at 13:02, Craig Smith (SYR) for Hooking (Minor) at 15:43, Declan Carlile (SYR) for High sticking (Minor) at 19:01
3rd period
No Goal
Penalties :
Nick Cicek (SYR) for Roughing (Minor) at 4:49, Max Jones (SYR) for Holding Stick (Minor) at 9:52, Chris Harpur (SYR) for Roughing (Minor) at 13:01, Nate Clurman (BRI) for Delaying the game (Minor) at 16:57
Goalie Stats
Devon Levi (SYR), 11 saves from 15 shots - (0.733), L, 17-12-4, 29:35 minutes
Jiri Patera (SYR), 30 saves from 31 shots - (0.968), 30:25 minutes
Kevin Mandolese (BRI), 24 saves from 25 shots - (0.960), W, 8-9-1, 60:00 minutes
Players Stats for Crunch
Player Name G A P +/- PIM S H SB GA TA FO MP PP MP PK MP
------------------------------------------------------------------------------------
Adam Sykora 0 0 0 0 0 0 0 0 0 0 0/0 3:30 0:43 2:16
Ben Meyers 0 1 1 1 0 2 1 0 0 0 8/24 19:28 5:24 6:01
Chris Harpur 0 0 0 0 2 0 1 2 0 0 0/0 15:38 0:00 1:05
Cole Clayton 0 1 1 0 2 1 3 2 0 0 0/0 22:09 5:36 7:46
Colin White 0 0 0 -2 0 1 1 1 0 0 12/32 20:58 6:01 9:09
Cooper Marody 0 0 0 -1 2 0 0 1 0 0 2/2 15:10 0:00 0:00
Craig Smith 0 0 0 -3 2 3 2 1 0 0 0/1 20:06 6:01 0:00
Declan Carlile 0 0 0 0 2 2 0 1 0 0 0/0 22:35 6:32 7:16
Francesco Pinelli 1 0 1 1 0 2 1 0 0 0 0/0 7:48 0:00 0:00
Keegan Kolesar 0 0 0 0 6 2 6 1 0 0 0/2 20:59 5:23 6:24
Lias Andersson 0 0 0 0 0 3 0 0 0 0 10/17 19:12 5:32 3:23
Max Jones 0 0 0 -2 2 2 2 0 0 0 5/10 20:44 6:31 3:37
Mikko Kokkonen 0 0 0 -2 0 0 2 1 0 0 0/0 21:58 6:06 7:17
Nick Cicek 0 0 0 -2 2 0 1 1 0 0 0/0 20:00 6:06 5:20
William Dufour 0 0 0 -1 0 2 0 0 0 0 1/3 18:56 1:13 0:00
Xavier Bourgault 0 0 0 0 0 2 0 0 0 0 4/4 2:37 1:05 0:00
Yegor Sokolov 0 0 0 1 0 3 3 0 0 0 0/0 7:48 0:00 0:00
Zachary Massicotte 0 0 0 0 0 0 0 1 0 0 0/0 3:02 0:56 2:06
Players Stats for Sound Tigers
Player Name G A P +/- PIM S H SB GA TA FO MP PP MP PK MP
------------------------------------------------------------------------------------
Austin Czarnik 0 1 1 1 0 3 1 0 0 0 2/5 17:54 8:31 4:09
Callahan Burke 1 0 1 0 0 4 0 0 0 0 1/1 6:54 6:54 0:00
Devante Stephens 0 1 1 1 0 0 2 0 0 0 0/0 22:02 7:35 5:47
Dominic Franco 1 0 1 2 2 4 0 0 0 0 0/1 8:57 0:00 0:00
Helge Grans 0 0 0 1 2 4 0 1 0 0 0/0 21:47 7:35 5:33
Jimmy Schuldt 0 0 0 2 2 0 0 1 0 0 0/0 22:02 6:55 6:00
Kyle Betts 0 1 1 2 0 3 0 0 0 0 10/15 9:36 0:35 0:03
Liam O'Brien 0 0 0 -1 2 4 3 0 0 0 0/0 13:26 1:04 0:08
Logan Morrison 1 1 2 1 0 2 1 1 0 0 13/22 19:35 5:50 4:48
Mason Shaw 1 0 1 0 0 3 2 0 0 0 0/1 16:21 7:24 0:00
Nate Clurman 0 0 0 -1 4 2 4 0 0 0 0/0 15:11 0:29 1:50
Noel Hoefenmayer 0 0 0 -1 0 1 1 1 0 0 0/0 15:53 1:30 1:29
Philippe Maillet 0 1 1 0 0 4 1 0 0 0 12/21 20:43 8:31 6:58
Ryan Francis 0 0 0 -1 0 0 0 0 0 0 0/0 7:33 0:00 0:00
Tim Gettinger 0 0 0 0 2 5 2 0 0 0 2/2 16:22 5:50 1:36
Timur Ibragimov 1 1 2 2 0 6 1 0 0 0 3/7 11:59 0:26 2:35
Tobias Bjornfot 0 2 2 2 0 0 0 1 0 0 0/0 22:33 6:46 6:39
Ty Glover 0 0 0 -1 2 1 1 0 0 0 10/20 15:12 1:10 6:29
3 Stars
1 - Timur Ibragimov (BRI)
2 - Logan Morrison (BRI)
3 - Tobias Bjornfot (BRI)
Power Play
Crunch - 0 on 8 Attempt(s) - 0.00%
Sound Tigers - 2 on 10 Attempt(s) - 20.00%
Penalty Kill
Crunch - 8 on 10 Attempt(s) - 80.00%
- Score 0 goal in Penalty Kill
Sound Tigers - 8 on 8 Attempt(s) - 100.00%
- Score 1 goal in Penalty Kill
Team Stat
Crunch - Hits : 23 - Faceoff Wins : 42 - Blocked Shots : 12 - Penalty Minutes : 20
Sound Tigers - Hits : 19 - Faceoff Wins : 53 - Blocked Shots : 5 - Penalty Minutes : 16
Official
Referees : Beaudry Halkidis and Jean Hebert
Linesman : Ryan Jackson and Libor Suchanek
Game Notes
Jiri Patera enters game at 9:35 of 2nd period
Finance
Level 1 -- Attendance: 1779 (88.95%) -- Ticket Income $62,265
Level 2 -- Attendance: 860 (86.00%) -- Ticket Income $12,900
Total Attendance: 2639 (87.97%)
Total Ticket Income: $75,165
Other Income: $36,831
Total Income: $111,996
Crunch
5 vs 5 Forward
Center Left Wing Right Wing Time % Phy DF OF
1 Colin White Max Jones Craig Smith 25 1 2 2
2 Lias Andersson William Dufour Keegan Kolesar 25 1 2 2
3 Ben Meyers Yegor Sokolov Francesco Pinelli 25 1 2 2
4 Cooper Marody Craig Smith William Dufour 25 1 2 2
5 vs 5 Defense
Defense Defense Time % Phy DF OF
1 Declan Carlile Cole Clayton 25 1 2 2
2 Mikko Kokkonen Nick Cicek 25 1 2 2
3 Chris Harpur Cooper Marody 25 1 2 2
4 Declan Carlile Cole Clayton 25 1 2 2
PowerPlay Forward
Center Left Wing Right Wing Time % Phy DF OF
1 Colin White Max Jones Craig Smith 60 1 2 2
2 Lias Andersson Ben Meyers Keegan Kolesar 40 1 2 2
PowerPlay Defense
Defense Defense Time % Phy DF OF
1 Declan Carlile Cole Clayton 60 1 2 2
2 Mikko Kokkonen Nick Cicek 40 1 2 2
Penalty Kill 4 Players Forward
Center Wing Time % Phy DF OF
1 Colin White Keegan Kolesar 60 1 2 2
2 Ben Meyers Max Jones 40 1 2 2
Penalty Kill 4 Players Defense
Defense Defense Time % Phy DF OF
1 Declan Carlile Cole Clayton 60 1 2 2
2 Mikko Kokkonen Nick Cicek 40 1 2 2
Penalty Kill - 3 Players Forward
Forward Time % Phy DF OF
1 Max Jones 60 1 2 2
2 Keegan Kolesar 40 1 2 2
Penalty Kill - 3 Players Defense
Defense Defense Time % Phy DF OF
1 Declan Carlile Cole Clayton 60 1 2 2
2 Mikko Kokkonen Nick Cicek 40 1 2 2
4 vs 4 Forward
Center Wing Time % Phy DF OF
1 Colin White Keegan Kolesar 60 1 2 2
2 Ben Meyers Max Jones 40 1 2 2
4 vs 4 Defense
Defense Defense Time % Phy DF OF
1 Declan Carlile Cole Clayton 60 1 2 2
2 Mikko Kokkonen Nick Cicek 40 1 2 2
Last Minutes Offensive
Center Left Wing Right Wing Defense Defense
Colin White Max Jones Craig Smith Declan Carlile Cole Clayton
Last Minutes Defensive
Center Left Wing Right Wing Defense Defense
Colin White Max Jones Craig Smith Declan Carlile Cole Clayton
Goaltenders
Starting : Devon Levi
Backup : Jiri Patera
Extra Forwards
Normal : Max Jones, Keegan Kolesar, Ben Meyers - PP : Keegan Kolesar, Max Jones - PK : Ben Meyers
Extra Defensemen
Normal : Declan Carlile, Mikko Kokkonen, Nick Cicek - PP : Cole Clayton - PK : Mikko Kokkonen, Nick Cicek
Penalty Shots
Ben Meyers, Keegan Kolesar, Craig Smith, Max Jones, Colin White
Custom OT Lines Forwards
William Dufour, Keegan Kolesar, Francesco Pinelli, Max Jones, Colin White, Craig Smith, Lias Andersson, Ben Meyers, Cooper Marody, Yegor Sokolov
Custom OT Lines Defensemen
Declan Carlile, Cole Clayton, Mikko Kokkonen, Nick Cicek, Chris Harpur
Scratches
Elliot Desnoyers (Healthy), Brandon Coe (Healthy), Nicolas Aube-Kubel (Healthy), Zayde Wisdom (Healthy), Pavel Novak (Healthy)
Jacob Murray (Healthy), Tristan Allard (Healthy), Andrew Perrott (Healthy), Alex Beaucage (Healthy), Ryan Fitzgerald (Healthy)
Daniil Misyul (Healthy), Owen Headrick (Healthy), C.J. Suess (Healthy), Magnus Chrona (Healthy), Felix Sandstrom (Healthy)
Sound Tigers
5 vs 5 Forward
Center Left Wing Right Wing Time % Phy DF OF
1 Philippe Maillet Liam O'Brien Austin Czarnik 25 1 2 2
2 Logan Morrison Mason Shaw Tim Gettinger 25 1 2 2
3 Kyle Betts Timur Ibragimov Dominic Franco 25 1 2 2
4 Ty Glover Liam O'Brien Ryan Francis 25 1 2 2
5 vs 5 Defense
Defense Defense Time % Phy DF OF
1 Jimmy Schuldt Tobias Bjornfot 40 1 2 2
2 Helge Grans Devante Stephens 35 1 2 2
3 Noel Hoefenmayer Nate Clurman 25 1 2 2
4 Jimmy Schuldt Tobias Bjornfot 0 1 2 2
PowerPlay Forward
Center Left Wing Right Wing Time % Phy DF OF
1 Philippe Maillet Mason Shaw Austin Czarnik 60 0 0 5
2 Logan Morrison Tim Gettinger Callahan Burke 40 0 0 5
PowerPlay Defense
Defense Defense Time % Phy DF OF
1 Jimmy Schuldt Tobias Bjornfot 60 0 0 5
2 Helge Grans Devante Stephens 40 0 0 5
Penalty Kill 4 Players Forward
Center Wing Time % Phy DF OF
1 Ty Glover Philippe Maillet 60 0 5 0
2 Austin Czarnik Logan Morrison 40 0 5 0
Penalty Kill 4 Players Defense
Defense Defense Time % Phy DF OF
1 Jimmy Schuldt Tobias Bjornfot 60 0 5 0
2 Helge Grans Devante Stephens 40 0 5 0
Penalty Kill - 3 Players Forward
Forward Time % Phy DF OF
1 Ty Glover 60 0 5 0
2 Philippe Maillet 40 0 5 0
Penalty Kill - 3 Players Defense
Defense Defense Time % Phy DF OF
1 Jimmy Schuldt Tobias Bjornfot 60 0 5 0
2 Helge Grans Devante Stephens 40 0 5 0
4 vs 4 Forward
Center Wing Time % Phy DF OF
1 Austin Czarnik Philippe Maillet 60 1 2 2
2 Ty Glover Logan Morrison 40 1 2 2
4 vs 4 Defense
Defense Defense Time % Phy DF OF
1 Jimmy Schuldt Tobias Bjornfot 60 1 2 2
2 Helge Grans Devante Stephens 40 1 2 2
Last Minutes Offensive
Center Left Wing Right Wing Defense Defense
Philippe Maillet Timur Ibragimov Austin Czarnik Jimmy Schuldt Tobias Bjornfot
Last Minutes Defensive
Center Left Wing Right Wing Defense Defense
Philippe Maillet Mason Shaw Austin Czarnik Jimmy Schuldt Tobias Bjornfot
Goaltenders
Starting : Kevin Mandolese
Backup : Erik Portillo
Extra Forwards
Normal : Ty Glover, Callahan Burke, Timur Ibragimov - PP : Ty Glover, Callahan Burke - PK : Timur Ibragimov
Extra Defensemen
Normal : Noel Hoefenmayer, Nate Clurman, Helge Grans - PP : Noel Hoefenmayer - PK : Nate Clurman, Helge Grans
Penalty Shots
Callahan Burke, Dominic Franco, Kyle Betts, Logan Morrison, Philippe Maillet
Custom OT Lines Forwards
Callahan Burke, Philippe Maillet, Austin Czarnik, Logan Morrison, Mason Shaw, Tim Gettinger, Ty Glover, Timur Ibragimov, Dominic Franco, Kyle Betts
Custom OT Lines Defensemen
Jimmy Schuldt, Tobias Bjornfot, Helge Grans, Devante Stephens, Noel Hoefenmayer
Scratches
Matteo Pietroniro (Healthy), Dmitri Zlodeyev (Healthy), Adam Karashik (Healthy), Riley McKay (Healthy), Keaton Thompson (Healthy)
Matt Stienburg (Healthy), William Lagesson (Healthy)
% Time on Ice - Crunch
Lines # - Real PCT - Wanted PCT - Time Play
Normal Forward
1 - 15% - 25% - 4:39
2 - 25% - 25% - 7:41
3 - 26% - 25% - 7:48
4 - 33% - 25% - 10:02
Normal Defense
1 - 13% - 25% - 3:58
2 - 26% - 25% - 7:57
3 - 48% - 25% - 14:34
4 - 12% - 25% - 3:41
PP Forward
1 - 52% - 60% - 6:31
2 - 48% - 40% - 6:07
PP Defense
1 - 52% - 60% - 6:32
2 - 48% - 40% - 6:06
PK Forward
1 - 71% - 60% - 10:58
2 - 29% - 40% - 4:27
PK Defense
1 - 62% - 60% - 9:36
2 - 38% - 40% - 5:49
PK3 Forward
1 - 0% - 60%
2 - 0% - 40%
PK3 Defense
1 - 0% - 60%
2 - 0% - 40%
44 Forward
1 - 100% - 60% - 1:47
2 - 0% - 40% - 0:00
44 Defense
1 - 64% - 60% - 1:09
2 - 36% - 40% - 0:38
Last Minute Offensive - 0:00
Last Minute Defensive - 0:00
Total
Forward - 60:00
Defense - 60:00
|
% Time on Ice - Sound Tigers
Lines # - Real PCT - Wanted PCT - Time Play
Normal Forward
1 - 16% - 25% - 4:42
2 - 30% - 25% - 8:57
3 - 30% - 25% - 8:58
4 - 25% - 25% - 7:33
Normal Defense
1 - 29% - 40% - 8:36
2 - 29% - 35% - 8:40
3 - 43% - 25% - 12:54
4 - 0% - 0% - 0:00
PP Forward
1 - 55% - 60% - 8:31
2 - 45% - 40% - 6:54
PP Defense
1 - 45% - 60% - 6:55
2 - 55% - 40% - 8:30
PK Forward
1 - 67% - 60% - 8:17
2 - 33% - 40% - 4:09
PK Defense
1 - 51% - 60% - 6:21
2 - 49% - 40% - 6:05
PK3 Forward
1 - 100% - 60% - 1:27
2 - 0% - 40% - 0:00
PK3 Defense
1 - 41% - 60% - 0:36
2 - 59% - 40% - 0:51
44 Forward
1 - 100% - 60% - 0:32
2 - 0% - 40% - 0:00
44 Defense
1 - 100% - 60% - 0:32
2 - 0% - 40% - 0:00
Last Minute Offensive - 0:00
Last Minute Defensive - 0:00
Total
Forward - 60:00
Defense - 60:00
|
Play-by-Play
1st period
0:01 of 1st period - Philippe Maillet wins face-off versus Colin White in neutral zone.
0:01 of 1st period - Philippe Maillet is hit by Colin White.
0:05 of 1st period - Shot by Liam O'Brien.
0:05 of 1st period - Shot Misses the Net.
0:29 of 1st period - Shot by Max Jones.
0:29 of 1st period - Shot Blocked by Jimmy Schuldt.
0:31 of 1st period - Shot by Cole Clayton.
0:31 of 1st period - Stopped by Kevin Mandolese without a rebound.
0:32 of 1st period - Lias Andersson wins face-off versus Logan Morrison in Sound Tigers zone.
0:58 of 1st period - Shot by Keegan Kolesar.
0:58 of 1st period - Shot Blocked by Helge Grans.
1:00 of 1st period - Shot by Keegan Kolesar.
1:00 of 1st period - Shot Misses the Net.
1:02 of 1st period - Shot by Keegan Kolesar.
1:02 of 1st period - Shot Misses the Net.
1:04 of 1st period - Shot by William Dufour.
1:04 of 1st period - Shot Misses the Net.
1:06 of 1st period - Shot by Lias Andersson.
1:06 of 1st period - Stopped by Kevin Mandolese without a rebound.
1:07 of 1st period - Timur Ibragimov wins face-off versus Ben Meyers in Sound Tigers zone.
1:07 of 1st period - Timur Ibragimov is hit by Francesco Pinelli.
1:12 of 1st period - Off-side.
1:13 of 1st period - Ty Glover wins face-off versus Ben Meyers in neutral zone.
1:29 of 1st period - Icing by Liam O'Brien.
1:30 of 1st period - Max Jones wins face-off versus Ty Glover in Sound Tigers zone.
1:30 of 1st period - Craig Smith is hit by Nate Clurman.
1:46 of 1st period - Shot by Max Jones.
1:46 of 1st period - Shot Misses the Net.
2:25 of 1st period - Off-side.
2:26 of 1st period - Logan Morrison wins face-off versus Ben Meyers in neutral zone.
2:26 of 1st period - Mason Shaw is hit by Yegor Sokolov and loses puck.
2:38 of 1st period - Shot by Yegor Sokolov.
2:38 of 1st period - Stopped by Kevin Mandolese without a rebound.
2:39 of 1st period - Ben Meyers wins face-off versus Kyle Betts in Sound Tigers zone.
2:47 of 1st period - Minor Penalty to Dominic Franco for Interference.
2:48 of 1st period - Lias Andersson wins face-off versus Ty Glover in Sound Tigers zone.
4:06 of 1st period - Icing by Nick Cicek.
4:07 of 1st period - Austin Czarnik wins face-off versus Max Jones in Crunch zone.
4:07 of 1st period - Logan Morrison is hit by Nick Cicek and loses puck.
4:22 of 1st period - Shot by Austin Czarnik.
4:22 of 1st period - Shot Misses the Net.
4:24 of 1st period - Shot by Logan Morrison.
4:24 of 1st period - Goal by Logan Morrison - Crunch : 0 - Sound Tigers : 1.
4:25 of 1st period - Ben Meyers wins face-off versus Ty Glover in neutral zone.
4:30 of 1st period - Helge Grans is hit by Keegan Kolesar and loses puck.
4:54 of 1st period - Shot by Yegor Sokolov.
4:54 of 1st period - Stopped by Kevin Mandolese with a rebound.
5:05 of 1st period - Icing by Noel Hoefenmayer.
5:06 of 1st period - Cooper Marody wins face-off versus Kyle Betts in Sound Tigers zone.
5:16 of 1st period - Off-side.
5:17 of 1st period - Ben Meyers wins face-off versus Mason Shaw in neutral zone.
5:32 of 1st period - Shot by Logan Morrison.
5:32 of 1st period - Shot Misses the Net.
5:34 of 1st period - Shot by Tim Gettinger.
5:34 of 1st period - Stopped by Devon Levi without a rebound.
5:35 of 1st period - Philippe Maillet wins face-off versus Lias Andersson in Crunch zone.
5:37 of 1st period - Minor Penalty to Cole Clayton for Tripping.
5:38 of 1st period - Philippe Maillet wins face-off versus Colin White in Crunch zone.
6:03 of 1st period - Nick Cicek is hit by Austin Czarnik and loses puck.
7:30 of 1st period - Keegan Kolesar is hit by Philippe Maillet and loses puck.
7:40 of 1st period - Icing by Max Jones.
7:41 of 1st period - Ty Glover wins face-off versus Craig Smith in Crunch zone.
8:33 of 1st period - Noel Hoefenmayer is hit by Yegor Sokolov and loses puck.
8:50 of 1st period - Shot by Francesco Pinelli.
8:50 of 1st period - Goal by Francesco Pinelli - Crunch : 1 - Sound Tigers : 1.
8:51 of 1st period - Lias Andersson wins face-off versus Kyle Betts in neutral zone.
9:08 of 1st period - Shot by Kyle Betts.
9:08 of 1st period - Stopped by Devon Levi with a rebound.
9:13 of 1st period - Icing by Lias Andersson.
9:14 of 1st period - Lias Andersson wins face-off versus Logan Morrison in Crunch zone.
9:16 of 1st period - Icing by Keegan Kolesar.
9:17 of 1st period - Lias Andersson wins face-off versus Logan Morrison in Crunch zone.
9:26 of 1st period - Shot by Keegan Kolesar.
9:26 of 1st period - Shot Misses the Net.
9:28 of 1st period - Shot by William Dufour.
9:28 of 1st period - Shot Blocked by Logan Morrison.
9:30 of 1st period - Shot by Keegan Kolesar.
9:30 of 1st period - Stopped by Kevin Mandolese without a rebound.
9:31 of 1st period - Kyle Betts wins face-off versus Colin White in Sound Tigers zone.
9:47 of 1st period - Minor Penalty to Helge Grans for Delaying the game.
9:48 of 1st period - Ty Glover wins face-off versus Lias Andersson in Sound Tigers zone.
9:48 of 1st period - Jimmy Schuldt is hit by Ben Meyers and loses puck.
10:09 of 1st period - Shot by Ben Meyers.
10:09 of 1st period - Shot Misses the Net.
10:11 of 1st period - Shot by Ben Meyers.
10:11 of 1st period - Stopped by Kevin Mandolese without a rebound.
10:12 of 1st period - Colin White wins face-off versus Austin Czarnik in Sound Tigers zone.
10:21 of 1st period - Shot by Cole Clayton.
10:21 of 1st period - Shot Misses the Net.
10:23 of 1st period - Shot by Cole Clayton.
10:23 of 1st period - Shot Misses the Net.
10:25 of 1st period - Shot by Craig Smith.
10:25 of 1st period - Deflect By Max Jones.
10:25 of 1st period - Stopped by Kevin Mandolese without a rebound.
10:26 of 1st period - Colin White wins face-off versus Ty Glover in Sound Tigers zone.
10:52 of 1st period - Colin White is hit by Nate Clurman and loses puck.
11:58 of 1st period - Shot by Kyle Betts.
11:58 of 1st period - Stopped by Devon Levi with a rebound.
12:00 of 1st period - Shot by Timur Ibragimov.
12:00 of 1st period - Shot Blocked by Cooper Marody.
12:02 of 1st period - Shot by Helge Grans.
12:02 of 1st period - Stopped by Devon Levi with a rebound.
12:04 of 1st period - Shot by Kyle Betts.
12:04 of 1st period - Shot Misses the Net.
12:21 of 1st period - Minor Penalty to Tim Gettinger for Interference.
12:22 of 1st period - Ty Glover wins face-off versus Colin White in Sound Tigers zone.
12:22 of 1st period - Ty Glover is hit by Max Jones.
12:38 of 1st period - Shot by Craig Smith.
12:38 of 1st period - Stopped by Kevin Mandolese with a rebound.
12:40 of 1st period - Shot by Craig Smith.
12:40 of 1st period - Shot Misses the Net.
12:42 of 1st period - Shot by Colin White.
12:42 of 1st period - Stopped by Kevin Mandolese without a rebound.
12:43 of 1st period - Xavier Bourgault wins face-off versus Austin Czarnik in Sound Tigers zone.
13:04 of 1st period - Shot by Xavier Bourgault.
13:04 of 1st period - Shot Misses the Net.
13:13 of 1st period - Shot by Ben Meyers.
13:13 of 1st period - Shot Misses the Net.
13:36 of 1st period - Shot by Max Jones.
13:36 of 1st period - Stopped by Kevin Mandolese with a rebound.
13:55 of 1st period - Icing by Cole Clayton.
13:56 of 1st period - Timur Ibragimov wins face-off versus Max Jones in Crunch zone.
14:18 of 1st period - Off-side.
14:19 of 1st period - Austin Czarnik wins face-off versus Keegan Kolesar in neutral zone.
14:39 of 1st period - Ben Meyers is hit by Nate Clurman and loses puck.
15:05 of 1st period - Keegan Kolesar is hit by Nate Clurman.
15:24 of 1st period - Minor Penalty to Nate Clurman for High sticking.
15:25 of 1st period - Ty Glover wins face-off versus Colin White in Sound Tigers zone.
15:43 of 1st period - Shot by Declan Carlile.
15:43 of 1st period - Stopped by Kevin Mandolese without a rebound.
15:44 of 1st period - Ty Glover wins face-off versus Lias Andersson in Sound Tigers zone.
17:05 of 1st period - Lias Andersson is hit by Timur Ibragimov and loses puck.
17:24 of 1st period - Shot by Adam Sykora.
17:24 of 1st period - Deflect By Francesco Pinelli.
17:24 of 1st period - Stopped by Kevin Mandolese without a rebound.
17:25 of 1st period - Xavier Bourgault wins face-off versus Philippe Maillet in Sound Tigers zone.
17:28 of 1st period - Shot by Xavier Bourgault.
17:28 of 1st period - Stopped by Kevin Mandolese without a rebound.
17:29 of 1st period - Max Jones wins face-off versus Ty Glover in Sound Tigers zone.
17:29 of 1st period - Max Jones is hit by Devante Stephens.
17:48 of 1st period - Minor Penalty to Cooper Marody for Hooking.
17:49 of 1st period - Philippe Maillet wins face-off versus Colin White in Crunch zone.
17:54 of 1st period - Shot by Mason Shaw.
17:54 of 1st period - Goal by Mason Shaw - Crunch : 1 - Sound Tigers : 2.
17:55 of 1st period - Ben Meyers wins face-off versus Philippe Maillet in neutral zone.
18:12 of 1st period - Shot by Philippe Maillet.
18:12 of 1st period - Stopped by Devon Levi without a rebound.
18:13 of 1st period - Kyle Betts wins face-off versus Lias Andersson in Crunch zone.
18:13 of 1st period - Timur Ibragimov is hit by Cole Clayton and loses puck.
18:17 of 1st period - Minor Penalty to Keegan Kolesar for Holding.
18:18 of 1st period - Philippe Maillet wins face-off versus Colin White in Crunch zone.
19:27 of 1st period - Shot by Logan Morrison.
19:27 of 1st period - Stopped by Devon Levi with a rebound.
19:29 of 1st period - Shot by Tobias Bjornfot.
19:29 of 1st period - Shot Blocked by Nick Cicek.
19:31 of 1st period - Shot by Callahan Burke.
19:31 of 1st period - Goal by Callahan Burke - Crunch : 1 - Sound Tigers : 3.
19:32 of 1st period - Max Jones wins face-off versus Ty Glover in neutral zone.
19:35 of 1st period - Shot by Craig Smith.
19:35 of 1st period - Shot Blocked by Noel Hoefenmayer.
Goals for this period are 1 for Crunch vs 3 for Sound Tigers.
Shots for this period are 14 for Crunch vs 9 for Sound Tigers.
2nd period
0:01 of 2nd period - Philippe Maillet wins face-off versus Colin White in neutral zone.
1:00 of 2nd period - Shot by Keegan Kolesar.
1:00 of 2nd period - Shot Misses the Net.
1:33 of 2nd period - Keegan Kolesar is hit by Tim Gettinger and loses puck.
1:42 of 2nd period - Shot by Mason Shaw.
1:42 of 2nd period - Stopped by Devon Levi with a rebound.
1:44 of 2nd period - Shot by Tim Gettinger.
1:44 of 2nd period - Stopped by Devon Levi with a rebound.
2:03 of 2nd period - Noel Hoefenmayer is hit by Keegan Kolesar and loses puck.
2:16 of 2nd period - Dominic Franco is hit by Keegan Kolesar.
2:21 of 2nd period - Minor Penalty to Keegan Kolesar for Tripping.
2:22 of 2nd period - Logan Morrison wins face-off versus Ben Meyers in Crunch zone.
3:01 of 2nd period - Shot by Austin Czarnik.
3:01 of 2nd period - Shot Misses the Net.
3:03 of 2nd period - Shot by Mason Shaw.
3:03 of 2nd period - Stopped by Devon Levi with a rebound.
3:52 of 2nd period - Shot by Noel Hoefenmayer.
3:52 of 2nd period - Shot Misses the Net.
3:54 of 2nd period - Shot by Callahan Burke.
3:54 of 2nd period - Shot Misses the Net.
3:56 of 2nd period - Shot by Nate Clurman.
3:56 of 2nd period - Shot Misses the Net.
3:58 of 2nd period - Shot by Ty Glover.
3:58 of 2nd period - Stopped by Devon Levi without a rebound.
3:59 of 2nd period - Logan Morrison wins face-off versus Colin White in Crunch zone.
4:18 of 2nd period - Shot by Helge Grans.
4:18 of 2nd period - Shot Blocked by Zachary Massicotte.
4:20 of 2nd period - Shot by Tim Gettinger.
4:20 of 2nd period - Stopped by Devon Levi without a rebound.
4:21 of 2nd period - Kyle Betts wins face-off versus William Dufour in Crunch zone.
4:26 of 2nd period - Shot by Dominic Franco.
4:26 of 2nd period - Shot Blocked by Craig Smith.
4:28 of 2nd period - Shot by Kyle Betts.
4:28 of 2nd period - Shot Misses the Net.
4:47 of 2nd period - Icing by Cooper Marody.
4:48 of 2nd period - Lias Andersson wins face-off versus Ty Glover in Crunch zone.
4:48 of 2nd period - Lias Andersson is hit by Liam O'Brien.
4:59 of 2nd period - Minor Penalty to Liam O'Brien for Interference.
5:00 of 2nd period - Ty Glover wins face-off versus Colin White in Sound Tigers zone.
5:31 of 2nd period - Minor Penalty to Ty Glover for Cross-checking.
5:32 of 2nd period - Lias Andersson wins face-off versus Timur Ibragimov in Sound Tigers zone.
5:33 of 2nd period - Shot by Ben Meyers.
5:33 of 2nd period - Stopped by Kevin Mandolese with a rebound.
5:35 of 2nd period - Shot by Cole Clayton.
5:35 of 2nd period - Shot Blocked by Tobias Bjornfot.
5:37 of 2nd period - Shot by Lias Andersson.
5:37 of 2nd period - Deflect By Keegan Kolesar.
5:37 of 2nd period - Shot Misses the Net.
5:39 of 2nd period - Shot by Declan Carlile.
5:39 of 2nd period - Stopped by Kevin Mandolese without a rebound.
5:40 of 2nd period - Lias Andersson wins face-off versus Timur Ibragimov in Sound Tigers zone.
5:43 of 2nd period - Minor Penalty to Keegan Kolesar for Holding.
5:44 of 2nd period - Colin White wins face-off versus Timur Ibragimov in Crunch zone.
8:02 of 2nd period - Liam O'Brien is hit by Chris Harpur and loses puck.
8:48 of 2nd period - Icing by Mikko Kokkonen.
8:49 of 2nd period - Ben Meyers wins face-off versus Logan Morrison in Crunch zone.
8:51 of 2nd period - Yegor Sokolov is hit by Tim Gettinger and loses puck.
9:09 of 2nd period - Off-side.
9:10 of 2nd period - Cooper Marody wins face-off versus Timur Ibragimov in neutral zone.
9:20 of 2nd period - Timur Ibragimov is hit by Cole Clayton and loses puck.
9:35 of 2nd period - Shot by Timur Ibragimov.
9:35 of 2nd period - Goal by Timur Ibragimov - Crunch : 1 - Sound Tigers : 4.
9:35 of 2nd period - Jiri Patera enters game.
9:36 of 2nd period - Logan Morrison wins face-off versus Lias Andersson in neutral zone.
10:02 of 2nd period - Cooper Marody is hit by Devante Stephens and loses puck.
10:05 of 2nd period - Shot by William Dufour.
10:05 of 2nd period - Shot Misses the Net.
10:33 of 2nd period - Yegor Sokolov is hit by Liam O'Brien.
10:44 of 2nd period - Shot by Austin Czarnik.
10:44 of 2nd period - Shot Blocked by Cole Clayton.
10:46 of 2nd period - Shot by Austin Czarnik.
10:46 of 2nd period - Shot Blocked by Cole Clayton.
10:48 of 2nd period - Shot by Philippe Maillet.
10:48 of 2nd period - Stopped by Jiri Patera without a rebound.
10:49 of 2nd period - Colin White wins face-off versus Kyle Betts in Crunch zone.
11:06 of 2nd period - Shot by Dominic Franco.
11:06 of 2nd period - Stopped by Jiri Patera with a rebound.
11:08 of 2nd period - Shot by Dominic Franco.
11:08 of 2nd period - Goal by Dominic Franco - Crunch : 1 - Sound Tigers : 5.
11:09 of 2nd period - Philippe Maillet wins face-off versus Lias Andersson in neutral zone.
12:10 of 2nd period - Kyle Betts is hit by Keegan Kolesar and loses puck.
12:22 of 2nd period - Off-side.
12:23 of 2nd period - Logan Morrison wins face-off versus Colin White in neutral zone.
12:55 of 2nd period - Shot by Tim Gettinger.
12:55 of 2nd period - Stopped by Jiri Patera without a rebound.
12:56 of 2nd period - Timur Ibragimov wins face-off versus Ben Meyers in Crunch zone.
12:56 of 2nd period - Dominic Franco is hit by Mikko Kokkonen and loses puck.
13:02 of 2nd period - Minor Penalty to Jimmy Schuldt for Hooking.
13:03 of 2nd period - Colin White wins face-off versus Ty Glover in Sound Tigers zone.
13:49 of 2nd period - Colin White is hit by Logan Morrison and loses puck.
14:24 of 2nd period - Icing by Cole Clayton.
14:25 of 2nd period - Ty Glover wins face-off versus Keegan Kolesar in Crunch zone.
15:10 of 2nd period - Shot by Noel Hoefenmayer.
15:10 of 2nd period - Shot Misses the Net.
15:14 of 2nd period - Shot by Timur Ibragimov.
15:14 of 2nd period - Stopped by Jiri Patera without a rebound.
15:15 of 2nd period - Xavier Bourgault wins face-off versus Logan Morrison in Crunch zone.
15:30 of 2nd period - Shot by Craig Smith.
15:30 of 2nd period - Shot Misses the Net.
15:32 of 2nd period - Shot by Chris Harpur.
15:32 of 2nd period - Shot Misses the Net.
15:43 of 2nd period - Minor Penalty to Craig Smith for Hooking.
15:44 of 2nd period - Philippe Maillet wins face-off versus Colin White in Crunch zone.
15:51 of 2nd period - Shot by Mason Shaw.
15:51 of 2nd period - Shot Misses the Net.
15:53 of 2nd period - Shot by Austin Czarnik.
15:53 of 2nd period - Shot Misses the Net.
15:55 of 2nd period - Shot by Austin Czarnik.
15:55 of 2nd period - Shot Misses the Net.
15:57 of 2nd period - Shot by Helge Grans.
15:57 of 2nd period - Shot Misses the Net.
15:59 of 2nd period - Shot by Helge Grans.
15:59 of 2nd period - Shot Hit the Post.
16:01 of 2nd period - Shot by Helge Grans.
16:01 of 2nd period - Shot Misses the Net.
16:07 of 2nd period - Shot by Mason Shaw.
16:07 of 2nd period - Shot Blocked by Colin White.
16:09 of 2nd period - Shot by Devante Stephens.
16:09 of 2nd period - Shot Misses the Net.
16:11 of 2nd period - Shot by Austin Czarnik.
16:11 of 2nd period - Stopped by Jiri Patera without a rebound.
16:12 of 2nd period - Logan Morrison wins face-off versus Ben Meyers in Crunch zone.
16:35 of 2nd period - Shot by Callahan Burke.
16:35 of 2nd period - Stopped by Jiri Patera without a rebound.
16:36 of 2nd period - Philippe Maillet wins face-off versus Colin White in Crunch zone.
16:39 of 2nd period - Shot by Austin Czarnik.
16:39 of 2nd period - Stopped by Jiri Patera with a rebound.
16:41 of 2nd period - Shot by Helge Grans.
16:41 of 2nd period - Stopped by Jiri Patera without a rebound.
16:42 of 2nd period - Callahan Burke wins face-off versus Colin White in Crunch zone.
16:43 of 2nd period - Shot by Helge Grans.
16:43 of 2nd period - Stopped by Jiri Patera without a rebound.
16:44 of 2nd period - Logan Morrison wins face-off versus Colin White in Crunch zone.
16:47 of 2nd period - Shot by Logan Morrison.
16:47 of 2nd period - Shot Misses the Net.
16:49 of 2nd period - Shot by Logan Morrison.
16:49 of 2nd period - Shot Blocked by Keegan Kolesar.
16:51 of 2nd period - Shot by Devante Stephens.
16:51 of 2nd period - Shot Misses the Net.
16:53 of 2nd period - Shot by Tim Gettinger.
16:53 of 2nd period - Stopped by Jiri Patera without a rebound.
16:54 of 2nd period - Colin White wins face-off versus Philippe Maillet in Crunch zone.
17:20 of 2nd period - Icing by Mason Shaw.
17:21 of 2nd period - Colin White wins face-off versus Philippe Maillet in Sound Tigers zone.
18:23 of 2nd period - Icing by Chris Harpur.
18:24 of 2nd period - Kyle Betts wins face-off versus Max Jones in Crunch zone.
18:54 of 2nd period - Shot by Kyle Betts.
18:54 of 2nd period - Shot Blocked by Chris Harpur.
18:56 of 2nd period - Shot by Nate Clurman.
18:56 of 2nd period - Stopped by Jiri Patera without a rebound.
18:57 of 2nd period - Tim Gettinger wins face-off versus Ben Meyers in Crunch zone.
19:01 of 2nd period - Minor Penalty to Declan Carlile for High sticking.
19:02 of 2nd period - Colin White wins face-off versus Logan Morrison in Crunch zone.
Goals for this period are 0 for Crunch vs 2 for Sound Tigers.
Shots for this period are 2 for Crunch vs 18 for Sound Tigers.
3rd period
0:01 of 3rd period - Colin White wins face-off versus Philippe Maillet in neutral zone.
0:03 of 3rd period - Off-side.
0:04 of 3rd period - Colin White wins face-off versus Philippe Maillet in neutral zone.
1:15 of 3rd period - Shot by Yegor Sokolov.
1:15 of 3rd period - Stopped by Kevin Mandolese without a rebound.
1:16 of 3rd period - Kyle Betts wins face-off versus Max Jones in Sound Tigers zone.
1:44 of 3rd period - Shot by Timur Ibragimov.
1:44 of 3rd period - Stopped by Jiri Patera without a rebound.
1:45 of 3rd period - Ty Glover wins face-off versus Ben Meyers in Crunch zone.
1:52 of 3rd period - Shot by Ty Glover.
1:52 of 3rd period - Deflect By Liam O'Brien.
1:52 of 3rd period - Stopped by Jiri Patera with a rebound.
2:02 of 3rd period - Shot by Liam O'Brien.
2:02 of 3rd period - Stopped by Jiri Patera without a rebound.
2:03 of 3rd period - William Dufour wins face-off versus Logan Morrison in Crunch zone.
2:03 of 3rd period - William Dufour is hit by Mason Shaw.
2:11 of 3rd period - Logan Morrison is hit by Keegan Kolesar and loses puck.
2:35 of 3rd period - Keegan Kolesar is hit by Noel Hoefenmayer and loses puck.
2:53 of 3rd period - Icing by Cooper Marody.
2:54 of 3rd period - Colin White wins face-off versus Philippe Maillet in Crunch zone.
3:13 of 3rd period - Shot by Philippe Maillet.
3:13 of 3rd period - Stopped by Jiri Patera without a rebound.
3:14 of 3rd period - Kyle Betts wins face-off versus Ben Meyers in Crunch zone.
3:15 of 3rd period - Shot by Dominic Franco.
3:15 of 3rd period - Shot Misses the Net.
3:17 of 3rd period - Shot by Helge Grans.
3:17 of 3rd period - Stopped by Jiri Patera with a rebound.
3:19 of 3rd period - Shot by Timur Ibragimov.
3:19 of 3rd period - Stopped by Jiri Patera without a rebound.
3:20 of 3rd period - Kyle Betts wins face-off versus Ben Meyers in Crunch zone.
3:23 of 3rd period - Shot by Dominic Franco.
3:23 of 3rd period - Shot Misses the Net.
3:25 of 3rd period - Shot by Kyle Betts.
3:25 of 3rd period - Stopped by Jiri Patera without a rebound.
3:26 of 3rd period - Philippe Maillet wins face-off versus Colin White in Crunch zone.
3:26 of 3rd period - Philippe Maillet is hit by Cole Clayton.
3:37 of 3rd period - Icing by Cole Clayton.
3:38 of 3rd period - Kyle Betts wins face-off versus Colin White in Crunch zone.
3:43 of 3rd period - Shot by Timur Ibragimov.
3:43 of 3rd period - Stopped by Jiri Patera without a rebound.
3:44 of 3rd period - Ben Meyers wins face-off versus Philippe Maillet in Crunch zone.
3:57 of 3rd period - Icing by Tobias Bjornfot.
3:58 of 3rd period - Max Jones wins face-off versus Austin Czarnik in Sound Tigers zone.
4:01 of 3rd period - Shot by Craig Smith.
4:01 of 3rd period - Shot Misses the Net.
4:11 of 3rd period - Shot by Craig Smith.
4:11 of 3rd period - Stopped by Kevin Mandolese with a rebound.
4:13 of 3rd period - Shot by Declan Carlile.
4:13 of 3rd period - Shot Misses the Net.
4:22 of 3rd period - Off-side.
4:23 of 3rd period - Logan Morrison wins face-off versus Ben Meyers in neutral zone.
4:23 of 3rd period - Logan Morrison is hit by Yegor Sokolov.
4:38 of 3rd period - Mason Shaw is hit by Mikko Kokkonen and loses puck.
4:44 of 3rd period - Icing by Yegor Sokolov.
4:45 of 3rd period - Kyle Betts wins face-off versus Ben Meyers in Crunch zone.
4:48 of 3rd period - Shot by Timur Ibragimov.
4:48 of 3rd period - Stopped by Jiri Patera with a rebound.
4:49 of 3rd period - Minor Penalty to Nick Cicek for Roughing.
4:50 of 3rd period - Philippe Maillet wins face-off versus Colin White in Crunch zone.
5:07 of 3rd period - Shot by Mason Shaw.
5:07 of 3rd period - Shot Misses the Net.
5:09 of 3rd period - Shot by Tobias Bjornfot.
5:09 of 3rd period - Shot Blocked by Mikko Kokkonen.
5:11 of 3rd period - Shot by Mason Shaw.
5:11 of 3rd period - Shot Blocked by Declan Carlile.
5:59 of 3rd period - Off-side.
6:00 of 3rd period - Logan Morrison wins face-off versus Ben Meyers in neutral zone.
6:00 of 3rd period - Tim Gettinger is hit by Max Jones and loses puck.
6:57 of 3rd period - Shot by Liam O'Brien.
6:57 of 3rd period - Stopped by Jiri Patera with a rebound.
6:59 of 3rd period - Shot by Ty Glover.
6:59 of 3rd period - Shot Misses the Net.
7:01 of 3rd period - Shot by Liam O'Brien.
7:01 of 3rd period - Stopped by Jiri Patera with a rebound.
7:03 of 3rd period - Shot by Ty Glover.
7:03 of 3rd period - Shot Blocked by Chris Harpur.
7:05 of 3rd period - Shot by Nate Clurman.
7:05 of 3rd period - Stopped by Jiri Patera without a rebound.
7:06 of 3rd period - Ben Meyers wins face-off versus Kyle Betts in Crunch zone.
7:25 of 3rd period - Shot by Dominic Franco.
7:25 of 3rd period - Stopped by Jiri Patera without a rebound.
7:26 of 3rd period - Max Jones wins face-off versus Ty Glover in Crunch zone.
7:26 of 3rd period - Max Jones is hit by Liam O'Brien.
8:19 of 3rd period - Shot by Keegan Kolesar.
8:19 of 3rd period - Deflect By Lias Andersson.
8:19 of 3rd period - Stopped by Kevin Mandolese with a rebound.
8:21 of 3rd period - Shot by Lias Andersson.
8:21 of 3rd period - Stopped by Kevin Mandolese without a rebound.
8:22 of 3rd period - Ben Meyers wins face-off versus Logan Morrison in Sound Tigers zone.
9:10 of 3rd period - Icing by Tim Gettinger.
9:11 of 3rd period - Lias Andersson wins face-off versus Logan Morrison in Sound Tigers zone.
9:24 of 3rd period - Shot by Lias Andersson.
9:24 of 3rd period - Shot Misses the Net.
9:34 of 3rd period - Shot by Keegan Kolesar.
9:34 of 3rd period - Stopped by Kevin Mandolese with a rebound.
9:36 of 3rd period - Shot by William Dufour.
9:36 of 3rd period - Stopped by Kevin Mandolese with a rebound.
9:52 of 3rd period - Minor Penalty to Max Jones for Holding Stick.
9:53 of 3rd period - Philippe Maillet wins face-off versus Colin White in Crunch zone.
10:20 of 3rd period - Shot by Austin Czarnik.
10:20 of 3rd period - Stopped by Jiri Patera with a rebound.
10:27 of 3rd period - Shot by Philippe Maillet.
10:27 of 3rd period - Shot Misses the Net.
11:00 of 3rd period - Shot by Callahan Burke.
11:00 of 3rd period - Stopped by Jiri Patera with a rebound.
11:02 of 3rd period - Shot by Liam O'Brien.
11:02 of 3rd period - Shot Misses the Net.
11:04 of 3rd period - Shot by Callahan Burke.
11:04 of 3rd period - Shot Misses the Net.
11:22 of 3rd period - Shot by Philippe Maillet.
11:22 of 3rd period - Stopped by Jiri Patera with a rebound.
11:24 of 3rd period - Shot by Noel Hoefenmayer.
11:24 of 3rd period - Shot Misses the Net.
11:32 of 3rd period - Shot by Philippe Maillet.
11:32 of 3rd period - Shot Misses the Net.
11:34 of 3rd period - Shot by Noel Hoefenmayer.
11:34 of 3rd period - Stopped by Jiri Patera without a rebound.
11:35 of 3rd period - Logan Morrison wins face-off versus Ben Meyers in Crunch zone.
11:36 of 3rd period - Shot by Callahan Burke.
11:36 of 3rd period - Stopped by Jiri Patera without a rebound.
11:37 of 3rd period - Logan Morrison wins face-off versus Ben Meyers in Crunch zone.
11:52 of 3rd period - Shot by Callahan Burke.
11:52 of 3rd period - Shot Misses the Net.
12:41 of 3rd period - Shot by Dominic Franco.
12:41 of 3rd period - Shot Misses the Net.
12:43 of 3rd period - Shot by Dominic Franco.
12:43 of 3rd period - Stopped by Jiri Patera with a rebound.
12:45 of 3rd period - Shot by Tobias Bjornfot.
12:45 of 3rd period - Shot Misses the Net.
13:00 of 3rd period - Icing by Chris Harpur.
13:01 of 3rd period - Logan Morrison wins face-off versus Max Jones in Crunch zone.
13:01 of 3rd period - Minor Penalty to Chris Harpur for Roughing.
13:02 of 3rd period - Colin White wins face-off versus Philippe Maillet in Crunch zone.
15:23 of 3rd period - Shot by Xavier Bourgault.
15:23 of 3rd period - Stopped by Kevin Mandolese without a rebound.
15:24 of 3rd period - Kyle Betts wins face-off versus Ben Meyers in Sound Tigers zone.
15:28 of 3rd period - Icing by Dominic Franco.
15:29 of 3rd period - Lias Andersson wins face-off versus Dominic Franco in Sound Tigers zone.
16:18 of 3rd period - Shot by Francesco Pinelli.
16:18 of 3rd period - Shot Misses the Net.
16:57 of 3rd period - Minor Penalty to Nate Clurman for Delaying the game.
16:58 of 3rd period - Ty Glover wins face-off versus Colin White in Sound Tigers zone.
16:58 of 3rd period - Ty Glover is hit by Craig Smith.
18:17 of 3rd period - Icing by Max Jones.
18:18 of 3rd period - Xavier Bourgault wins face-off versus Ty Glover in Crunch zone.
18:18 of 3rd period - Xavier Bourgault is hit by Ty Glover.
18:38 of 3rd period - Shot by Declan Carlile.
18:38 of 3rd period - Deflect By William Dufour.
18:38 of 3rd period - Stopped by Kevin Mandolese without a rebound.
18:39 of 3rd period - Logan Morrison wins face-off versus Lias Andersson in Sound Tigers zone.
18:39 of 3rd period - Logan Morrison is hit by Keegan Kolesar.
19:05 of 3rd period - Shot by Craig Smith.
19:05 of 3rd period - Stopped by Kevin Mandolese without a rebound.
19:06 of 3rd period - Tim Gettinger wins face-off versus William Dufour in Sound Tigers zone.
19:17 of 3rd period - Craig Smith is hit by Mason Shaw.
19:21 of 3rd period - Logan Morrison is hit by Craig Smith and loses puck.
Goals for this period are 0 for Crunch vs 0 for Sound Tigers.
Shots for this period are 9 for Crunch vs 19 for Sound Tigers.
Back to the Top